 Dungeon Sprint DCSS version 0.29.1-12-g30fa7ad0bf (webtiles) character file.

Game seed: 9312588504278655965

4439 ChrisAssaf the Fetichist (level 10, -3/65 HPs)
             Began as a Naga Artificer on Jan 2, 2023.
             Was a Believer of Nemelex Xobeh.
             Slain by a slime creature (14 damage)
             ... in the Dungeon (Sprint I: "Red Sonja").
             The game lasted 00:08:06 (738 turns).

ChrisAssaf the Fetichist (Naga Artificer)            Turns: 738, Time: 00:08:08

Health: -3/65      AC:  5    Str: 10 (11) XL:     10   Next: 36%
Magic:  12/12      EV: 10    Int:  9 (11) God:    Nemelex Xobeh [**....]
Gold:   383        SH:  0    Dex:  8      Spells: 20/20 levels left

rFire   . . .      SeeInvis +   l - +2 dagger (distort)
rCold   . . .      Faith    .   (no shield)
rNeg    . . .      Spirit   .   b - +0 leather armour
rPois   +          Reflect  .   (no helmet)
rElec   .          Harm     .   (no cloak)
rCorr   .          Rampage  .   (no gloves)
Will    +....      Rage     9%  (no barding)
Stlth   ++++...... NoTele   +   (no amulet)
HPRegen 0.00/turn               (no ring)
MPRegen 0.13/turn               (no ring)

@: elixired, inhibited regen, unable to read, unable to drink, very slow
A: AC +3, large, see invisible, deformed body, poison resistance, slowness 2,
spit poison 1, naga tail 1, berserk 2, clumsy 2, deterioration 2, dopey 2, frail
3, low MP 3, screaming 2, inhibited regeneration, weak 2, no potion heal 2,
subdued magic 3, inability to drink after injury 2, inability to read after
injury 2, sturdy frame 1, devolution 2
a: Spit Poison, Renounce Religion, Draw Escape, Draw Destruction, Draw Summoning


You were in the Dungeon.
You worshipped Nemelex Xobeh.
Nemelex Xobeh was pleased with you.
You visited 1 branch You collected 621 gold pieces.
You spent 238 gold pieces at shops.

Inventory:

Hand Weapons
 a - a +0 club
 l - a +2 dagger of distortion (weapon)
Missiles
 m - 4 curare-tipped darts (quivered)
Armour
 b - a +0 leather armour (worn)
Wands
 c - a wand of flame (6)
 d - a wand of charming (21)
 e - a wand of iceblast (2)
 k - a wand of roots (3)
Scrolls
 j - a scroll of identify
 n - 2 scrolls of summoning
Potions
 f - 3 potions of curing
 g - a potion of heal wounds
 h - a potion of haste
 i - 2 potions of magic
 o - a potion of ambrosia


   Skills:
 * Level 7.0 Fighting
 * Level 4.2 Short Blades
 * Level 6.2 Maces & Flails
 * Level 3.8 Throwing
 * Level 7.3 Armour
 * Level 5.7 Dodging
 * Level 10.5 Stealth
 * Level 5.6 Spellcasting
 * Level 4.4 Invocations
 * Level 15.5 Evocations


You had 20 spell levels left.
You didn't know any spells.
Your spell library was empty.

Dungeon Overview and Level Annotations

Branches:
Dungeon (1/1)

Altars:
Cheibriados
Dithmenos
Elyvilon
Fedhas
Gozag
Hepliaklqana
Kikubaaqudgha
Makhleb
Nemelex Xobeh
Okawaru
Qazlal
Ru
Sif Muna
Trog
Uskayaw
Vehumet
Wu Jian
Xom
Yredelemnul
Zin
The Shining One
Jiyva
Lugonu

Shops:
D (?*(((


Innate Abilities, Weirdness & Mutations

Your serpentine skin is tough. (AC +3)
You have supernaturally acute eyesight. (SInv)
Armour fits poorly on your strangely shaped body.
Your system is resistant to poisons. (rPois)
You cover ground very slowly.
You can spit poison.
You have a snake-like lower body.
You have an uncontrollable temper.
You are very clumsy. (Dex -4)
Your body often deteriorates upon taking damage.
You are very dopey. (Int -4)
You are extremely frail. (-30% HP)
Your magical capacity is extremely low. (-30% MP)
You frequently scream uncontrollably at your foes.
You do not regenerate when monsters are visible.
You are very weak. (Str -4)
Potions cannot restore your health.
Your spells are much easier to cast, but much less powerful.
You sometimes lose the ability to drink potions when taking damage.
You sometimes lose the ability to read scrolls when taking damage.
Your movements are slightly less encumbered by armour. (ER -2)
You have terrible hidden genetic defects.


Message History

Space warps around the slime creature.
The slime creature is heavily wounded.
The slime creature hits you but does no damage.
You hit the slime creature.
Space warps around the slime creature.
The slime creature is heavily wounded.
The slime creature completely misses you.
Aiming: Throw Flame
Press: ? - help, Shift-Dir - straight line, f/p - slime creature
Aim: a slime creature (heavily wounded, 95% to hit)
The puff of flame hits the slime creature!
The slime creature is almost dead.
You can drink potions again.
The slime creature hits you!
You feel threatened and lose the ability to drink potions!
* * * LOW HITPOINT WARNING * * *
You cannot drink potions in your current state!
Aiming: Throw Flame
Press: ? - help, Shift-Dir - straight line, f/p - slime creature
Aim: a slime creature (almost dead, 95% to hit)
Okay, then.
You draw a card...
You have drawn Degeneration.
Nothing appears to happen.
The slime creature hits you.
* * * LOW HITPOINT WARNING * * *
You draw a card...
You have drawn the Tomb.
Walls emerge from the floor!
The slime creature hits you!
* * * LOW HITPOINT WARNING * * *
Your body deteriorates!
You feel dopey.
You cannot drink potions in your current state!
You draw a card...
You have drawn the Elixir.
You begin rapidly regenerating health and magic.
The slime creature hits you.
* * * LOW HITPOINT WARNING * * *
Aiming: Throw Flame
Press: ? - help, Shift-Dir - straight line, f/p - slime creature
Aim: a slime creature (severely wounded, 95% to hit)
The puff of flame hits the slime creature!
The slime creature is almost dead.
The slime creature hits you!
You die...
Your body disappears without a glow.

###################
#<.#..').#..'.##__#
#..'..#..').#.#@J.+
#..#####'########_#
#.)####..#...#.####
#..#__####..##.#
#..#_____##'#_.+
#⌠⌠#_.∩...'..._#
####_..__##_.#'#
#_____###'#(#
############.###


You could see a slime creature.

Vanquished Creatures
  Sonja (D)
  5 shining eyes (D)
  Sigmund (D)
  A yak (D)
  3 floating eyes (D)
  Ijyb (D)
12 creatures vanquished.

Vanquished Creatures (collateral kills)
  An ogre (D)
1 creature vanquished.

Vanquished Creatures (others)
  A jelly (D)
  2 ballistomycete spores (D)
3 creatures vanquished.

Grand Total: 16 creatures vanquished

Notes
Turn   | Place    | Note
-------+----------+-------------------------------------------
     0 | D        | ChrisAssaf the Naga Artificer began the quest for the Orb.
     0 | D        | Reached XP level 1. HP: 18/18 MP: 1/1
     2 | D        | Noticed Ijyb
     8 | D        | Noticed an ogre
    13 | D        | Killed an ogre
    14 | D        | Reached skill level 1 in Maces & Flails
    14 | D        | Reached skill level 1 in Spellcasting
    14 | D        | Reached skill level 6 in Evocations
    14 | D        | Reached XP level 2. HP: 27/27 MP: 1/4
    14 | D        | Reached XP level 3. HP: 33/33 MP: 1/5
    14 | D        | Reached XP level 4. HP: 40/40 MP: 1/6
    30 | D        | Killed Ijyb
    54 | D        | Noticed Sigmund
    57 | D        | Killed Sigmund
    58 | D        | Reached skill level 5 in Stealth
    58 | D        | Reached skill level 8 in Evocations
    58 | D        | Reached XP level 5. HP: 49/49 MP: 6/9
    58 | D        | Reached XP level 6. HP: 56/56 MP: 6/10
    74 | D        | Found an ornate altar of the Wu Jian Council.
    74 | D        | Found a shimmering blue altar of Sif Muna.
    76 | D        | Found a radiant altar of Vehumet.
    86 | D        | Found Riudad's Weapon Emporium.
    86 | D        | Found an ancient bone altar of Kikubaaqudgha.
    86 | D        | Found a hazy altar of Hepliaklqana.
    86 | D        | Found a stormy altar of Qazlal.
    86 | D        | Found a hide-covered altar of Uskayaw.
    86 | D        | Found a blossoming altar of Fedhas.
    86 | D        | Found a bloodstained altar of Trog.
    86 | D        | Found an iron altar of Okawaru.
    86 | D        | Found a basalt altar of Yredelemnul.
    86 | D        | Found a glowing golden altar of the Shining One.
    86 | D        | Found a snail-covered altar of Cheibriados.
    86 | D        | Found a sacrificial altar of Ru.
    86 | D        | Found a glowing silver altar of Zin.
    86 | D        | Found a shadowy altar of Dithmenos.
    86 | D        | Found a white marble altar of Elyvilon.
    86 | D        | Noticed a yak
    98 | D        | Killed a yak
    99 | D        | Reached skill level 10 in Evocations
   110 | D        | Found an opulent altar of Gozag.
   128 | D        | Found a sparkling altar of Nemelex Xobeh.
   158 | D        | Became a worshipper of Nemelex Xobeh the Trickster
   168 | D        | Noticed Sonja
   175 | D        | Killed Sonja
   176 | D        | Reached skill level 5 in Fighting
   176 | D        | Reached skill level 5 in Armour
   176 | D        | Reached skill level 12 in Evocations
   176 | D        | Reached XP level 7. HP: 34/67 MP: 10/13
   176 | D        | Reached XP level 8. HP: 38/74 MP: 10/14
   390 | D        | Found Reniuj Pamue's Weapon Boutique.
   400 | D        | Noticed a shining eye
   400 | D        | Noticed a shining eye
   400 | D        | Noticed a shining eye
   400 | D        | Noticed a shining eye
   400 | D        | Noticed a shining eye
   400 | D        | Noticed a shining eye
   401 | D        | Reached * piety under Nemelex Xobeh
   402 | D        | Gained mutation: You are weak. (Str -2) [a shining eye]
   402 | D        | Gained mutation: You are frail. (-10% HP) [a shining eye]
   404 | D        | Gained mutation: You are dopey. (Int -2) [a shining eye]
   406 | D        | Paralysed by a floating eye for 2 turns
   406 | D        | Gained mutation: You sometimes lose your temper in combat.
                  | [a shining eye]
   407 | D        | Gained mutation: Your spells are a little easier to cast,
                  | but a little less powerful. [a shining eye]
   407 | D        | Gained mutation: Potions are less effective at restoring
                  | your health. [a shining eye]
   408 | D        | Gained mutation: You occasionally lose the ability to drink
                  | potions when taking damage. [a shining eye]
   410 | D        | Gained mutation: You are very weak. (Str -4) [a shining
                  | eye]
   412 | D        | Gained mutation: You sometimes lose the ability to drink
                  | potions when taking damage. [a shining eye]
   413 | D        | Killed a shining eye
   414 | D        | Reached skill level 1 in Short Blades
   414 | D        | Reached skill level 1 in Throwing
   414 | D        | Reached skill level 1 in Invocations
   414 | D        | Reached skill level 13 in Evocations
   416 | D        | Paralysed by a floating eye for 2 turns
   417 | D        | Lost mutation: You sometimes lose your temper in combat. [a
                  | shining eye]
   417 | D        | Gained mutation: You occasionally shout uncontrollably at
                  | your foes. [a shining eye]
   418 | D        | Gained mutation: Potions cannot restore your health. [a
                  | shining eye]
   418 | D        | Gained mutation: Your movements are slightly less
                  | encumbered by armour. (ER -2) [a shining eye]
   421 | D        | Gained mutation: You are very frail. (-20% HP) [a shining
                  | eye]
   421 | D        | Gained mutation: Your body sometimes deteriorates upon
                  | taking damage. [a shining eye]
   421 | D        | Gained mutation: You are very dopey. (Int -4) [a shining
                  | eye]
   423 | D        | Gained mutation: You do not regenerate when monsters are
                  | visible. [a shining eye]
   424 | D        | Gained mutation: You are clumsy. (Dex -2) [a shining eye]
   424 | D        | Gained mutation: Your spells are easier to cast, but less
                  | powerful. [a shining eye]
   425 | D        | Gained mutation: Your body often deteriorates upon taking
                  | damage. [a shining eye]
   425 | D        | Gained mutation: You are very clumsy. (Dex -4) [a shining
                  | eye]
   426 | D        | Gained mutation: You frequently scream uncontrollably at
                  | your foes. [a shining eye]
   427 | D        | Gained mutation: You have hidden genetic defects. [a
                  | shining eye]
   428 | D        | Gained mutation: You occasionally lose the ability to read
                  | scrolls when taking damage. [a shining eye]
   429 | D        | Killed a shining eye
   430 | D        | Reached skill level 5 in Maces & Flails
   430 | D        | Reached XP level 9. HP: 38/65 MP: 14/16
   433 | D        | Gained mutation: You sometimes lose the ability to read
                  | scrolls when taking damage. [a shining eye]
   435 | D        | Banished a shining eye
   436 | D        | Reached skill level 5 in Dodging
   436 | D        | Reached skill level 14 in Evocations
   437 | D        | Lost mutation: You are very clumsy. (Dex -4) [a shining
                  | eye]
   439 | D        | Gained mutation: Your magical capacity is low. (-10% MP) [a
                  | shining eye]
   445 | D        | Gained mutation: Your magical capacity is very low. (-20%
                  | MP) [a shining eye]
   446 | D        | Killed a shining eye
   447 | D        | Reached skill level 5 in Spellcasting
   451 | D        | Gained mutation: You are extremely frail. (-30% HP) [a
                  | shining eye]
   454 | D        | Lost mutation: You are very weak. (Str -4) [a shining eye]
   455 | D        | Gained mutation: Your spells are much easier to cast, but
                  | much less powerful. [a shining eye]
   455 | D        | Gained mutation: Your magical capacity is extremely low.
                  | (-30% MP) [hidden defects]
   456 | D        | Received a gift from Nemelex Xobeh
   456 | D        | Noticed a shining eye
   456 | D        | Noticed a shining eye
   457 | D        | Gained mutation: You are very weak. (Str -4) [a shining
                  | eye]
   458 | D        | Gained mutation: You have terrible hidden genetic defects.
                  | [a shining eye]
   460 | D        | Paralysed by a floating eye for 3 turns
   462 | D        | Gained mutation: You are very clumsy. (Dex -4) [a shining
                  | eye]
   464 | D        | Gained mutation: You sometimes lose your temper in combat.
                  | [a shining eye]
   468 | D        | Paralysed by a floating eye for 2 turns
   473 | D        | Banished a shining eye
   474 | D        | Reached skill level 10 in Stealth
   475 | D        | Paralysed by a floating eye for 3 turns
   479 | D        | Reached XP level 10. HP: 64/64 MP: 12/12
   480 | D        | Gained mutation: You have an uncontrollable temper. [a
                  | shining eye]
   481 | D        | Banished a shining eye
   482 | D        | Reached skill level 15 in Evocations
   491 | D        | Killed a shining eye
   506 | D        | Killed a shining eye
   605 | D        | Found Birynur's Magic Scroll Shoppe.
   605 | D        | Found Qojikop's Weapon Shop.
   605 | D        | Found Vyopaece's General Store.
   605 | D        | Found Goboguph's Antique Weapon Boutique.
   611 | D        | Bought a scroll of identify for 28 gold pieces
   627 | D        | Bought a scroll of summoning for 114 gold pieces
   627 | D        | Bought a potion of ambrosia for 96 gold pieces
   726 | D        | Reached ** piety under Nemelex Xobeh
   726 | D        | Found a burning altar of Makhleb.
   726 | D        | Found a viscous altar of Jiyva.
   726 | D        | Found a shimmering altar of Xom.
   726 | D        | Found a corrupted altar of Lugonu.
   736 | D        | HP: 2/65 [slime creature (10)]
   738 | D        | Slain by a slime creature

Illustrated notes

Levels and vault maps discovered:
D:        dungeon_sprint_1 [red_sonja_temple_1, red_sonja_temple_small_1]

Skill      XL: |  1  2  3  4  5  6  7  8  9 10 |
---------------+-------------------------------+-----
Fighting       | 2 3 5 6 7 |  7.0
Maces & Flails | 1 2 4 5 6 |  6.2
Armour         | 2 3 5 6 7 |  7.3
Dodging        | 2 3 4 5 |  5.7
Stealth        | 3 5 8 9 10 | 10.5
Spellcasting   | 1 2 4 5 |  5.6
Evocations     | 6 8 12 13 14 15 | 15.5
Short Blades   | 2 3 4 |  4.2
Throwing       | 2 3 |  3.8
Invocations    | 2 3 4 |  4.4

Action                   |  1- 3 |  4- 6 |  7- 9 | 10-12 || total
-------------------------+-------+-------+-------+-------++-------
Melee: Dagger            |       |       |    41 |    21 ||    62
       Punch             |       |       |       |     1 ||     1
Invok: Draw Destruction  |       |       |     1 |     1 ||     2
       Draw Escape       |       |       |       |     2 ||     2
 Abil: Spit Poison       |       |     4 |     5 |     3 ||    12
Evoke: Wand              |     1 |     6 |     1 |     8 ||    16
  Use: Scroll            |       |     1 |       |       ||     1
       Potion            |       |       |     1 |       ||     1
 Stab: Sleeping          |       |       |     1 |       ||     1
Armor: Leather armour    |       |     1 |       |     2 ||     3
Dodge: Dodged            |       |     4 |       |     2 ||     6
